 Dungeon Crawl Stone Soup version 0.22.1-1-ga44c0e5 (webtiles) character file.

375 Fang the Chopper (level 6, -17/39 HPs)
             Began as a Gargoyle Berserker on Oct 15, 2018.
             Was a Priest of Trog.
             Demolished by an ogre
             ... wielding a +0 giant club
              (21 damage)
             ... on level 4 of the Dungeon.
             The game lasted 00:02:17 (2392 turns).

Fang the Chopper (Gargoyle Berserker)               Turns: 2392, Time: 00:02:18

Health: -17/39     AC: 19    Str: 22    XL:     6   Next: 73%
Magic:  6/6        EV:  7    Int:  8    God:    Trog [***...]
Gold:   107        SH:  0    Dex:  9    Spells: 5/5 levels left

rFire    . . .     SeeInvis .   a - +0 hand axe
rCold    . . .     Gourm    .   (no shield)
rNeg     + . .     Faith    .   j - +0 plate armour
rPois    ∞         Spirit   .   (no helmet)
rElec    +         Reflect  .   (no cloak)
rCorr    .         Harm     .   n - +2 pair of gloves
MR       .....                  (no boots)
Stlth    ..........             (no amulet)
HPRegen  0.13/turn              (no ring)
MPRegen  0.10/turn              (no ring)

@: berserk cooldown, slowed, very slow
A: negative energy resistance 1, electricity resistance, unbreathing,
petrification resistance, rot immunity, AC +4
a: Berserk, Trog's Hand, Renounce Religion


You were on level 4 of the Dungeon.
You worshipped Trog.
Trog was most pleased with you.
You were not hungry.

You visited 1 branch of the dungeon, and saw 4 of its levels.

You collected 107 gold pieces.

Inventory:

Hand Weapons
 a - a +0 hand axe (weapon)
Armour
 j - a +0 plate armour (worn)
 n - a +2 pair of gloves (worn)
Jewellery
 r - an uncursed amulet of the acrobat {unknown}
Scrolls
 b - 2 scrolls of random uselessness {unknown}
 d - 2 scrolls of amnesia {unknown}
 e - 5 scrolls of identify {unknown}
 f - 2 scrolls of immolation {unknown}
 g - 3 scrolls of fog {unknown}
 h - 3 scrolls of enchant weapon {unknown}
 l - a scroll of blinking {unknown}
 p - a scroll of noise {unknown}
 u - a scroll of teleportation {unknown}
Potions
 i - a potion of lignification {unknown}
 k - 3 potions of heal wounds {unknown}
 m - a potion of mutation {unknown}
 o - a potion of ambrosia {unknown}
 q - a potion of magic {unknown}
 s - a potion of curing {unknown}
Comestibles
 c - 8 rations


   Skills:
 + Level 4.3 Fighting
 + Level 5.4 Axes
 + Level 3.6 Armour
 + Level 2.1 Dodging
 + Level 0.5 Stealth


You had 5 spell levels left.
You didn't know any spells.
Your spell library was empty.

Dungeon Overview and Level Annotations

Branches:
Dungeon (4/15)
 Temple: D:4-7

Altars:
Ashenzari
Elyvilon
Qazlal
Sif Muna
Yredelemnul


Innate Abilities, Weirdness & Mutations

You are resistant to torment.
Your stone body is resilient. (AC +4)
You are immune to poison.
You resist negative energy. (rN+)
You are resistant to electric shocks. (rElec)
You can survive without breathing.
You are immune to petrification.
You are immune to rotting.


Message History

Unknown command.
You slash the ogre!
The ogre is almost dead.
You hit the centaur skeleton.
The centaur skeleton closely misses you.
The ogre hits you with a giant club!!
Ouch! That really hurt!
* * * LOW HITPOINT WARNING * * *
The centaur skeleton hits you but does no damage.
The ogre hits you but does no damage.
The centaur skeleton completely misses you.
You are too injured to fight recklessly!
You are too injured to fight recklessly!
You barely miss the ogre.
The ogre is almost dead.
You hit the centaur skeleton.
The centaur skeleton hits you but does no damage.
The ogre hits you with a giant club!!
Ouch! That really hurt!
You die...

####### #.....#
.##.###.#
....###.#
....###)#########
#..#..<))......
#..#O@)######..
....._Z[.#
###..#...#
#..#..## ..(###..
###.###.# #.###.#
#.....#


You could see an ogre and a centaur skeleton.

Vanquished Creatures
  Sigmund (D:4)
  An ogre (D:4)
  An orc wizard (D:4)
  An adder (D:3)
  A worm (D:2)
  3 leopard geckos
  9 orcs
  10 bats
  7 giant cockroaches
  2 gnoll zombies (D:3)
  6 goblins
  8 hobgoblins
  4 jackals (D:1)
  A quokka (D:2)
  A ball python (D:1)
  A frilled lizard (D:2)
  13 kobolds
  An orc zombie (D:4)
  8 rats
79 creatures vanquished.

Notes
Turn   | Place    | Note
-------+----------+-------------------------------------------
     0 | D:1      | Fang the Gargoyle Berserker began the quest for the Orb.
     0 | D:1      | Reached XP level 1. HP: 14/14 MP: 1/1
    49 | D:1      | Reached XP level 2. HP: 13/19 MP: 2/2
   276 | D:1      | Reached skill level 3 in Axes
   316 | D:1      | Reached XP level 3. HP: 19/24 MP: 3/3
   432 | D:1      | Reached ** piety under Trog
  1312 | D:2      | Reached XP level 4. HP: 29/29 MP: 4/4
  1623 | D:3      | Found a deep blue altar of Sif Muna.
  1635 | D:3      | Found a stormy altar of Qazlal.
  1696 | D:3      | Reached *** piety under Trog
  1974 | D:3      | Found a basalt altar of Yredelemnul.
  2123 | D:3      | Found a white marble altar of Elyvilon.
  2323 | D:4      | Found a shattered altar of Ashenzari.
  2323 | D:4      | Noticed Sigmund
  2327 | D:4      | Noticed an ogre
  2328 | D:4      | Noticed an ogre
  2330 | D:4      | Killed Sigmund
  2330 | D:4      | Reached skill level 4 in Axes
  2330 | D:4      | Reached XP level 5. HP: 33/33 MP: 5/5
  2330 | D:4      | Reached XP level 6. HP: 38/38 MP: 6/6
  2380 | D:4      | Reached skill level 5 in Axes
  2392 | D:4      | Demolished by an ogre

Skill      XL: |  1  2  3  4  5  6 |
---------------+-------------------+-----
Axes           | 3 4 5 |  5.4
Dodging        | 2 |  2.1
Fighting       | 4 |  4.3
Armour         | 3 |  3.6
Stealth        | |  0.5

Action                   |  1- 3 |  4- 6 || total
-------------------------+-------+-------++-------
Melee: Hand axe          |   136 |   127 ||   263
Invok: Berserk           |       |     2 ||     2
  Eat: Chunk             |     1 |     3 ||     4
       Ration            |       |     1 ||     1
Armor: Animal skin       |    27 |       ||    27
       Plate armour      |    55 |   116 ||   171
Dodge: Dodged            |    64 |    51 ||   115
